 Dungeon Crawl Stone Soup version 0.30-a0-23-ge60ba3568b (webtiles) character file.

Game seed: 7746462650282866503

37 SensoryNuts the Trooper (level 3, 0/29 HPs)
             Began as a Demonspawn Fighter on Aug 24, 2022.
             Succumbed to a gnoll's poison
             ... on level 2 of the Dungeon.
             The game lasted 00:00:52 (1032 turns).

SensoryNuts the Trooper (Demonspawn Fighter)        Turns: 1032, Time: 00:00:52

Health: 0/29       AC:  6    Str: 16    XL:     3   Next: 21%
Magic:  3/3        EV:  8    Int:  9    God:
Gold:   58         SH:  5    Dex: 14    Spells: 2/2 levels left

rFire   . . .      SeeInvis .    a - +0 war axe
rCold   . . .      Faith    .    c - +0 buckler
rNeg    . . .      Spirit   .    b - +0 scale mail
rPois   .          Reflect  .    (no helmet)
rElec   .          Harm     .    (no cloak)
rCorr   .          Rampage  .    (no gloves)
Will    .....                    (no boots)
Stlth   ..........               (no amulet)
HPRegen 0.09/turn                (no ring)
MPRegen 0.08/turn                (no ring)

@: lethally poisoned (0 -> -13)
A: foul stench 1
a: no special abilities


You were on level 2 of the Dungeon.
You visited 1 branch of the dungeon, and saw 2 of its levels.

You collected 58 gold pieces.

Inventory:

Hand Weapons
 a - a +0 war axe (weapon)
Armour
 b - a +0 scale mail (worn)
 c - a +0 buckler (worn)
Jewellery
 e - an amulet of regeneration
Scrolls
 d - a scroll of identify


   Skills:
 + Level 3.1 Fighting
 * Level 2.5 Axes
 + Level 3.1 Armour
 + Level 0.2 Dodging
 + Level 2.9 Shields


You had 2 spell levels left.
You didn't know any spells.
Your spell library was empty.

Dungeon Overview and Level Annotations

Branches:
Dungeon (2/15)

Altars:


Innate Abilities, Weirdness & Mutations

You may rarely emit foul miasma when damaged in melee.


Message History

Your experience leads to an increase in your attributes!
Increase (S)trength, (I)ntelligence, or (D)exterity?
You feel agile. x2
Found a stone staircase leading down.
There is a stone staircase leading down here.
Found an escape hatch in the floor.
No target in view!
No target in view!
A gnoll comes into view. It is wielding a +0 club.
A gnoll is nearby!
A gnoll comes into view. It is wielding a +2 spear of venom.
There is an escape hatch in the floor here.
Found a scroll labelled PURRIL RUQUNLO.
Found a stone staircase leading up.
A gnoll comes into view. It is wielding a +0 club.
The gnoll shouts!
An endoplasm comes into view.
The gnoll closely misses you.
The endoplasm quivers.
You hit the gnoll.
The gnoll is lightly wounded.
The gnoll hits you with a +0 club. The gnoll hits you but does no damage.
You closely miss the gnoll.
The gnoll is lightly wounded.
The gnoll hits you with a +0 club!
You emit a cloud of foul miasma!
The gnoll hits you from afar with a +2 spear of venom!
You are lethally poisoned!
The gnoll is engulfed in dark miasma.
The gnoll is poisoned.
The gnoll hits you with a +0 club.
* * * LOW HITPOINT WARNING * * *
The gnoll hits you from afar with a +2 spear of venom.
* * * LOW HITPOINT WARNING * * *
Unknown command.
You aren't carrying any potions.
You aren't carrying any potions.
Unknown command.
Unknown command.
As you read the scroll labelled PYTO VE CUTUR, it crumbles to dust.
It is a scroll of identify.
You don't have any unidentified items.
You die...

##################
.................#
################.#
#.# #.# #># #.#
#@# #g# #g# #g#
#.# #J. #?< #..


You could see 3 gnolls and an endoplasm.

Vanquished Creatures
  An adder (D:2)
  5 endoplasms
  3 giant cockroaches
  4 goblins (D:1)
  2 hobgoblins (D:1)
  3 ball pythons (D:1)
  3 bats (D:1)
  2 kobolds (D:1)
  3 rats
26 creatures vanquished.

Notes
Turn   | Place    | Note
-------+----------+-------------------------------------------
     0 | D:1      | SensoryNuts the Demonspawn Fighter began the quest for the
                  | Orb.
     0 | D:1      | Reached XP level 1. HP: 18/18 MP: 1/1
    15 | D:1      | Found a faded altar of an unknown god.
   187 | D:1      | Gained mutation: You may rarely emit foul miasma when
                  | damaged in melee. [demonic ancestry]
   187 | D:1      | Reached XP level 2. HP: 2/24 MP: 2/2
   976 | D:2      | Reached XP level 3. HP: 29/29 MP: 3/3
  1032 | D:2      | Succumbed to a gnoll's poison

Illustrated notes

Levels and vault maps discovered:
D:1:      dpeg_arrival_windows_large_door, layout_basic,
          hellmonk_ecumenical_altar_blasted
D:2:      layout_basic, serial_shops, nicolae_shop_hallway_plus

Skill      XL: |  1  2 |
---------------+-------+-----
Axes           | 2 |  2.5
Armour         | 3 |  3.1
Fighting       | |  3.1
Dodging        | |  0.2
Shields        | |  2.9

Action                   || total
-------------------------++-------
Melee: War axe           ||    68
  Use: Potion            ||     1
       Scroll            ||     1
Armor: Scale mail        ||    43
Dodge: Dodged            ||    36
Block: Buckler           ||    16

Table legend: (Time is in decaauts)
 A = Elapsed time spent in this place.
 B = Non-inter-level travel time spent in this place.
 C = Inter-level travel time spent in this place.
 D = Time resting spent in this place.
 E = Time spent auto-exploring this place.
 F = Levels seen in this place.
 G = Mean time per level.
                   A        B        C        D        E       F      G
               +--------+--------+--------+--------+--------+-----+--------+
         Total |   1061 |   1061 |      0 |      0 |    873 |   2 |  530.5 |
       Dungeon |   1061 |   1061 |      0 |      0 |    873 |   2 |  530.5 |
               +--------+--------+--------+--------+--------+-----+--------+

Top non-repeatable levels by time:
     D:1: 931 daAuts
     D:2: 130 daAuts
